 Dungeon Crawl Stone Soup version 0.23.0-3-gf3c87f2df8 (webtiles) character file.

Game seed: 6336780147047441805

40 Chiseanne the Grasshopper (level 3, -2/25 HPs)
             Began as an Octopode Warper on Feb 21, 2019.
             Slain by a centaur (6 damage)
             ... on level 2 of the Dungeon.
             The game lasted 00:02:12 (1244 turns).

Chiseanne the Grasshopper (Octopode Warper)         Turns: 1244, Time: 00:02:12

Health: -2/25      AC:  1    Str: 11    XL:     3   Next: 50%
Magic:  6/6        EV: 14    Int: 15    God:
Gold:   36         SH:  0    Dex: 11    Spells: 6/6 levels left

rFire    . . .     SeeInvis .   a - +0 short sword
rCold    . . .     Gourm    .   (no shield)
rNeg     . . .     Faith    .   (helmet restricted)
rPois    .         Spirit   .   (no amulet)
rElec    .         Reflect  .   (no ring)
rCorr    .         Harm     .   (no ring)
MR       .....                  (no ring)
Stlth    +++.......             (no ring)
HPRegen  0.08/turn              (no ring)
MPRegen  0.10/turn              (no ring)
                                (no ring)
                                (no ring)

@: no status effects
A: almost no armour, stealthy swim, amphibious, 8 rings, constrict 8, camouflage
1, gelatinous body 1
a: no special abilities


You were on level 2 of the Dungeon.
You were very hungry.

You visited 1 branch of the dungeon, and saw 2 of its levels.

You collected 36 gold pieces.

Inventory:

Hand Weapons
 a - a +0 short sword (weapon)
Missiles
 d - 5 tomahawks of dispersal (quivered)
 e - 62 stones
 g - 13 sling bullets
 i - 15 bolts
 k - 17 poisoned needles
Scrolls
 c - a scroll of blinking
Potions
 b - a potion of lignification
 h - a potion of degeneration {unknown}
 j - a potion of resistance {unknown}
Comestibles
 f - a ration


   Skills:
 * Level 2.5 Fighting
 - Level 2.0 Short Blades
 - Level 1.0 Throwing
 * Level 2.8 Dodging
 * Level 2.1 Stealth
 * Level 2.4 Spellcasting
   Level 3.0 Translocations


You had 6 spell levels left.
You didn't know any spells.
Your spell library contained the following spells:

 Spells                   Type           Power        Failure   Level  Hunger
 Blink                    Tloc           N/A          10%         2    ###....
 Shroud of Golubria       Chrm/Tloc      #.........   17%         2    ###....
 Gell's Gravitas          Tloc           ##........   19%         3    ###....
 Lesser Beckoning         Tloc           ##........   19%         3    ###....
 Teleport Other           Tloc           ##......     19%         3    ###....
 Passage of Golubria      Tloc           N/A          52%         4    #####..


Dungeon Overview and Level Annotations

Branches:
Dungeon (2/15)

Altars:
Elyvilon
Kikubaaqudgha
Zin
The Shining One


Innate Abilities, Weirdness & Mutations

You cannot wear most types of armour.
You are very stealthy in the water. (Stealth+)
You are amphibious.
You can wear up to eight rings at the same time.
You can use your tentacles to constrict eight enemies at once.
Your skin changes colour to match your surroundings (Stealth+).
Your rubbery body absorbs attacks. (AC +1, EV +1)


Message History

You barely miss the giant cockroach.
The giant cockroach is almost dead.
You constrict the giant cockroach.
You kill the giant cockroach!
You see here a ration.
Found a black potion.
You are feeling very hungry.
The centaur shouts!
The centaur wields a +0 shortbow.
The centaur shoots an arrow.
The arrow hits you.
You see here an arrow.
The centaur unwields a +0 shortbow.
The centaur hits you!
You barely miss the centaur. The centaur hits you!
* * * LOW HITPOINT WARNING * * *
The centaur closely misses you.
You barely miss the centaur. The centaur misses you.
You hit the centaur. Your squeeze misses the centaur.
The centaur is lightly wounded.
The centaur hits you.
You die...

###.........
...........
#..........
#....!.....
#..........
##.......... #
#...c.......
#. #.#@#
##.##.#(##
#.......>#
##.#..#..#
#.#..#..#
#.#.....#
#....#.##
###..#.#
####..#.######


You could see a centaur.

Vanquished Creatures
  An ooze (D:1)
  2 dart slugs (D:1)
  2 bats (D:1)
  3 giant cockroaches
  3 goblins (D:1)
  2 hobgoblins (D:1)
  A ball python (D:2)
  5 frilled lizards (D:1)
  9 kobolds
  5 rats (D:1)
33 creatures vanquished.

Notes
Turn   | Place    | Note
-------+----------+-------------------------------------------
     0 | D:1      | Chiseanne the Octopode Warper began the quest for the Orb.
     0 | D:1      | Reached XP level 1. HP: 14/14 MP: 3/3
    52 | D:1      | Reached XP level 2. HP: 15/19 MP: 5/5
    53 | D:1      | Reached skill level 1 in Stealth
   400 | D:1      | Reached XP level 3. HP: 13/25 MP: 6/6
  1029 | D:2      | Found a white marble altar of Elyvilon.
  1031 | D:2      | Found an ancient bone altar of Kikubaaqudgha.
  1031 | D:2      | Found a glowing silver altar of Zin.
  1033 | D:2      | Found a glowing golden altar of the Shining One.
  1214 | D:2      | Noticed a centaur
  1244 | D:2      | Slain by a centaur

Skill      XL: |  1  2  3 |
---------------+----------+-----
Stealth        | 1 2 |  2.1
Fighting       | |  2.5
Short Blades   | |  2.0
Throwing       | |  1.0
Dodging        | |  2.8
Spellcasting   | |  2.4
Translocations | |  3.0

Action                   || total
-------------------------++-------
Melee: Short sword       ||    75
       Tentacles         ||    13
       Constrict         ||    19
  Use: Scroll            ||     2
 Stab: Sleeping          ||     6
Armor: Skin              ||     7
Dodge: Dodged            ||    37
